 Dungeon Crawl Stone Soup version 0.31-a0-460-g9e667d4245 (webtiles) character file.

Game seed: 4543836425568636801

319 Ofeo the Changeling (level 6, -15/47 HPs)
             Began as a Demonspawn Shapeshifter on Aug 4, 2023.
             Demolished by an ogre
             ... wielding a +0 giant spiked club
              (22 damage)
             ... on level 4 of the Dungeon.
             The game lasted 00:05:11 (3775 turns).

Ofeo the Changeling (Demonspawn Shapeshifter)       Turns: 3775, Time: 00:05:12

Health: -15/47     AC: 10    Str: 17    XL:     6   Next: 21%
Magic:  6/6        EV:  8    Int: 12    God:
Gold:   135        SH:  0    Dex: 13    Spells: 5/5 levels left

rFire   + .          .
                       - Unarmed
rCold   . . .        (no shield)
rNeg    . . .        d - +0 chain mail
rPois   .            (helmet currently unavailable)
rElec   +            (cloak currently unavailable)
rCorr   .            (gloves currently unavailable)
SInv    .            (boots currently unavailable)
Will    +....        (no amulet) Stlth
                     n - ring of Azahil {rElec rF+ Will+ Int+2}
HPRegen 0.27/turn    (no ring)
MPRegen 0.10/turn

%: no passive effects
@: beast-form
A: beast (slay +2), sharp scales 2, demonic touch 2
a: Begin Untransformation


You were on level 4 of the Dungeon.
You were a hulking beast.
You visited 1 branch of the dungeon, and saw 4 of its levels.

You collected 135 gold pieces.

Inventory:

Missiles
 g - 2 throwing nets
Armour
 a - a +1 animal skin
 d - a +0 chain mail (worn)
Jewellery
 l - a +6 ring of intelligence
 n - the ring of Azahil (left hand) {rElec rF+ Will+ Int+2}
   (You found it on level 4 of the Dungeon)

   [ring of protection from fire]

   Int:       It affects your intelligence (+2).
   rF:        It protects you from fire.
   rElec:     It insulates you from electricity.
   Will:      It increases your willpower.
Talismans
 c - a beast talisman (active)
Wands
 o - a wand of mindburst (13)
Scrolls
 b - 2 scrolls of torment
 h - a scroll of noise
 i - a scroll of enchant armour
 m - 2 scrolls of amnesia
 p - 2 scrolls of blinking {@r4}
Potions
 e - a potion of enlightenment
 f - a potion of invisibility {unknown}
 j - a potion of mutation {unknown}
 k - a potion of brilliance
 q - 2 potions of curing {@q1}
 r - a potion of ambrosia {unknown}
 s - 2 potions of heal wounds {unknown}


   Skills:
 + Level 3.4 Fighting
 + Level 3.5 Dodging
 - Level 3.2 Unarmed Combat
 + Level 3.8 Shapeshifting


You had 5 spell levels left.
You didn't know any spells.
Your spell library contained the following spells:

 Spells                   Type           Power      Damage    Failure   Level
 Lesser Beckoning         Tloc           0%         N/A       99%         2
 Gell's Gravitas          Tloc           0%         N/A       100%        3
 Teleport Other           Tloc           0%         N/A       100%        3


Dungeon Overview and Level Annotations

Branches:
Dungeon (4/15)
 Temple: D:4-7

Altars:
Ashenzari
Vehumet
Wu Jian
Xom

Shops:
D:3 :


Innate Abilities, Weirdness & Mutations

You are a hulking beast.
Your limbs bulge with bestial killing power. (Slay +2)
You are mostly covered in razor-sharp scales. (AC +2, Slay +2)
Your touch may inflict irresistible damage on your foes.


Message History

The ogre hits you with a +0 giant spiked club!
You take 15 damage, and have 29/47 hp.
MASSIVE DAMAGE!!
You closely miss the orc.
The orc is heavily wounded.
The orc barely misses you.
The ogre hits you with a +0 giant spiked club!
You take 8 damage, and have 21/47 hp.
You hit the ogre.
The ogre is lightly wounded.
The kobold hits you but does no damage. The orc hits you but does no damage.
You hit the ogre.
The ogre is lightly wounded.
The kobold completely misses you. The orc closely misses you.
The ogre barely misses you.
You hit the ogre.
The ogre is moderately wounded.
The kobold hits you but does no damage.
A kobold comes into view. It is wielding a +0 whip.
The orc hits you but does no damage. The ogre barely misses you.
You hit the ogre. You punch the ogre.
The ogre is heavily wounded.
The kobold hits you but does no damage. The orc hits you but does no damage.
You hit the ogre.
The ogre is severely wounded.
The kobold hits you but does no damage. The orc barely misses you.
The ogre barely misses you.
You hit the ogre.
The ogre is severely wounded.
The kobold closely misses you. The orc hits you but does no damage.
You hit the ogre.
The ogre is almost dead.
The ogre hits you with a +0 giant spiked club!
* * * LOW HITPOINT WARNING * * *
The kobold barely misses you. The orc hits you but does no damage.
You take 15 damage, and have 7/47 hp.
MASSIVE DAMAGE!!
You hit the ogre.
The ogre is almost dead.
The kobold hits you but does no damage. The orc closely misses you.
The ogre hits you with a +0 giant spiked club!!
You die...

......
#...##....##...†)......
........#..#....†.......
........#................
.........##...............#
...##..####...............#
....#..# ##...............#
... #..............)##
.....##...............#
#...Kh..........)...#
##.KoO.........#.#).#
##.##..!...##.###.### <..
#...#...........# ##..
.#.##.........### .. ..
.......## ... ... .#.....
... .... #..... .......


You could see an ogre, an orc and 2 kobolds.

Vanquished Creatures
  A howler monkey (D:4)
  An orc priest (D:4)
  A sleepcap (D:3)
  An iguana (D:4)
  An orc wizard (D:3)
  3 gnolls (D:4)
  3 adders
  15 orcs
  5 endoplasms
  12 giant cockroaches
  4 goblins
  7 hobgoblins
  8 jackals
  8 quokkas
  8 ball pythons
  4 bats
  A frilled lizard (D:3)
  5 kobolds
  4 rats
92 creatures vanquished.

Notes
Turn   | Place    | Note
-------+----------+-------------------------------------------
     0 | D:1      | Ofeo the Demonspawn Shapeshifter began the quest for the
                  | Orb.
     0 | D:1      | Reached XP level 1. HP: 15/15 MP: 1/1
   395 | D:1      | Gained mutation: Your touch may inflict minor irresistible
                  | damage on your foes. [demonic ancestry]
   395 | D:1      | Reached XP level 2. HP: 21/21 MP: 2/2
   942 | D:2      | Reached XP level 3. HP: 19/26 MP: 3/3
  1096 | D:2      | Found a radiant altar of Vehumet.
  1585 | D:2      | Gained mutation: Your touch may inflict irresistible damage
                  | on your foes. [demonic ancestry]
  1585 | D:2      | Reached XP level 4. HP: 31/33 MP: 4/4
  1830 | D:3      | Found Muchan's Book Emporium.
  1999 | D:3      | Found a faded altar of an unknown god.
  2211 | D:3      | Found an ornate altar of the Wu Jian Council.
  2258 | D:3      | Gained mutation: You are partially covered in razor-sharp
                  | scales. (AC +1, Slay +1) [demonic ancestry]
  2258 | D:3      | Reached XP level 5. HP: 20/39 MP: 5/5
  2665 | D:3      | Found a shimmering altar of Xom.
  2668 | D:3      | Found a broken altar of Ashenzari.
  3508 | D:4      | Identified the ring of Azahil {rElec rF+ Will+ Int+2}
  3717 | D:4      | Gained mutation: You are mostly covered in razor-sharp
                  | scales. (AC +2, Slay +2) [demonic ancestry]
  3717 | D:4      | Reached XP level 6. HP: 44/47 MP: 6/6
  3775 | D:4      | Demolished by an ogre

Illustrated notes

Levels and vault maps discovered:
D:1:      dpeg_arrival_refuge, layout_basic, minmay_misc_feat_hallway,
          chequers_serial_rivers_small_3
D:2:      minmay_roachtagon, layout_basic, basic_altar
D:3:      layout_basic, minitemple, nicolae_wu_jian_wuxing_cycle,
          hellmonk_ecumenical_altar_defaced_shrine, serial_shops, shop
D:4:      layout_cave_pools

Skill      XL: |  1  2  3  4  5 |
---------------+----------------+-----
Dodging        | 2 3 |  3.5
Unarmed Combat | 3 |  3.2
Shapeshifting  | 3 |  3.8
Fighting       | 2 3 |  3.4

Action                     |  1- 3 |  4- 6 || total
---------------------------+-------+-------++-------
  Melee: Unarmed           |   103 |   116 ||   219
         Touch             |    13 |    13 ||    26
         Punch             |       |     4 ||     4
    Use: Potion            |       |     7 ||     7
         Scroll            |       |     9 ||     9
   Stab: Sleeping          |     4 |     1 ||     5
 Armour: Animal skin       |    19 |    14 ||    33
         Skin              |       |    10 ||    10
         Chain mail        |       |    42 ||    42
  Dodge: Dodged            |    66 |   104 ||   170

Table legend: (Time is in decaauts)
 A = Elapsed time spent in this place.
 B = Non-inter-level travel time spent in this place.
 C = Inter-level travel time spent in this place.
 D = Time resting spent in this place.
 E = Time spent auto-exploring this place.
 F = Levels seen in this place.
 G = Mean time per level.
                   A        B        C        D        E       F      G
               +--------+--------+--------+--------+--------+-----+--------+
         Total |   3762 |   3611 |    151 |    900 |   2208 |   4 |  940.5 |
       Dungeon |   3762 |   3611 |    151 |    900 |   2208 |   4 |  940.5 |
               +--------+--------+--------+--------+--------+-----+--------+

Top non-repeatable levels by time:
     D:3: 1500 daAuts
     D:2: 974 daAuts
     D:1: 851 daAuts
     D:4: 437 daAuts
